 Dungeon Crawl Stone Soup version 0.26-a0-504-g0cf6470 (webtiles) character file.

Game seed: 4757689638028567726

3248 Belboz the Cleaver (level 9, -7/79 HPs)
             Began as a Deep Dwarf Fighter on Aug 8, 2020.
             Was a Follower of Makhleb.
             Splashed by Joseph's acid (10 damage)
             ... on level 7 of the Dungeon.
             The game lasted 00:10:33 (4571 turns).

Belboz the Cleaver (Deep Dwarf Fighter)             Turns: 4571, Time: 00:10:33

Health: -7/79      AC: 11    Str: 23    XL:     9   Next: 67%
Magic:  11/11      EV: 12    Int:  9    God:    Makhleb [*.....]
Gold:   302        SH: 10    Dex: 12    Spells: 8/8 levels left

rFire    . . .     SeeInvis +   a - +0 war axe
rCold    . . .     Faith    .   c - +0 kite shield
rNeg     . . .     Spirit   .   t - +2 swamp dragon scales
rPois    +         Reflect  .   y - +1 helmet {SInv}
rElec    .         Harm     .   G - +0 cloak
rCorr    .                      I - +1 pair of gloves
MR       +....                  (no boots)
Stlth    ++........             (no amulet)
HPRegen  0.00/turn              q - +4 ring of evasion
MPRegen  0.12/turn              v - ring of stealth

@: corroded, non-regenerating
A: damage resistance, heal wounds, sense surroundings 2, no regeneration
a: Heal Wounds, Renounce Religion


You were on level 7 of the Dungeon.
You worshipped Makhleb.
Makhleb was aware of your devotion.
You visited 2 branches of the dungeon, and saw 8 of its levels.

You collected 302 gold pieces.

Inventory:

Hand Weapons
 a - a +0 war axe (weapon)
 b - a +1 flail of protection
 r - a +0 war axe
 s - a +0 battleaxe
 B - a +0 vorpal spear
Missiles
 n - 3 throwing nets
 p - 15 atropa-tipped darts
 z - 16 poisoned darts (quivered)
 A - 22 bolts
 C - 14 boomerangs
Armour
 c - a +0 kite shield (worn)
 t - +2 swamp dragon scales (worn)
 y - a +1 helmet of see invisible (worn)
 G - a +0 cloak (worn)
 I - a +1 pair of gloves (worn)
Jewellery
 q - a +4 ring of evasion (left hand)
 v - a ring of stealth (right hand)
 x - an uncursed ring of stealth
 F - an uncursed ring of ice
 L - a +4 ring of slaying {unknown}
Wands
 w - a wand of iceblast (15)
 D - a wand of acid (10)
 E - a wand of paralysis (18)
 K - a wand of polymorph (7)
Scrolls
 f - 2 scrolls of remove curse
 i - 6 scrolls of identify {unknown}
 o - a scroll of fear
 H - 2 scrolls of teleportation {unknown}
 J - 2 scrolls of magic mapping {unknown}
 O - a scroll of fog {unknown}
 P - a scroll of random uselessness {unknown}
Potions
 d - a potion of might
 e - 3 potions of resistance {unknown}
 g - 2 potions of haste
 h - a potion of invisibility {unknown}
 j - 3 potions of curing
 k - a potion of degeneration {unknown}
 l - 2 potions of flight {unknown}
 m - 2 potions of brilliance {unknown}
 u - a potion of mutation {unknown}
 M - a potion of magic {unknown}
 N - a potion of heal wounds {unknown}


   Skills:
 + Level 4.6 Fighting
 * Level 12.5 Axes
 - Level 3.2 Armour
 + Level 5.8 Shields
 + Level 4.8 Invocations


You had 8 spell levels left.
You didn't know any spells.
Your spell library was empty.

Dungeon Overview and Level Annotations

Branches:
Dungeon (7/15)             Temple (1/1) D:5

Altars:
Ashenzari
Cheibriados
Dithmenos
Elyvilon
Fedhas
Gozag
Hepliaklqana
Kikubaaqudgha
Makhleb
Okawaru
Qazlal
Ru
Sif Muna
Trog
Uskayaw
Vehumet
Wu Jian
Xom
Yredelemnul
Zin
The Shining One

Annotations:
D:4 1 runed translucent door, Crazy Yiuf
D:7 Joseph


Innate Abilities, Weirdness & Mutations

You are resistant to damage.
You can heal yourself by infusing magical energy.
You passively map the area around you.
You do not regenerate.


Message History

You hit Joseph but do no damage.
Joseph is moderately wounded.
You block Joseph's attack.
You closely miss Joseph.
Joseph is moderately wounded.
Joseph hits you but does no damage.
You closely miss Joseph.
Joseph is moderately wounded.
Joseph zaps a wand.
The bolt of acid hits you. The acid corrodes you!
You are splashed with acid!
* * * LOW HITPOINT WARNING * * *
You hit Joseph but do no damage.
Joseph is moderately wounded.
You block Joseph's attack.
You barely miss Joseph.
Joseph is moderately wounded.
Joseph zaps a wand.
The bolt of acid hits you!
* * * LOW HITPOINT WARNING * * *
You are splashed with acid!
You die...

#.#### ####.....##
#.### #.#
#...#...## #<# #.#
#...##+## #.# *
#.# ####..?##.###
*#.. ,
#.####...........
, ###*
#..............##
######..........##
, ####........##.#
* #....@....... ,
#...##@####.#
###.# .# , #.#*.#
** #.. .. ####.#*
* * *.# .# * ,*,
**


You could see Joseph.

Vanquished Creatures
  Harold (D:7)
  Pikel (D:4)
  Maggie (D:6)
  Duvessa (D:7)
  2 sky beasts
  A phantom (D:5)
  2 ogres
  4 lemures (D:4)
  3 bullfrogs
  A gnoll sergeant (D:4)
  Dowan (D:7)
  5 wights (D:6)
  A bullfrog zombie (D:6)
  2 orc priests
  A hound (D:6)
  A jelly (D:6)
  An orc wizard (D:3)
  A bullfrog skeleton (D:6)
  Natasha (thrice) (D:4)
  An iguana (D:5)
  2 worker ants
  A howler monkey skeleton (D:4)
  15 gnolls
  10 adders
  A shadow imp (D:5)
  A white imp (D:6)
  2 oozes
  A worm (D:2)
  2 dart slugs
  4 leopard geckos
  17 orcs
  A bat zombie (D:7)
  3 giant cockroaches
  4 goblins
  6 hobgoblins
  4 jackals (D:1)
  7 quokkas
  5 ball pythons
  5 bats
  11 frilled lizards
  5 kobolds
  2 quokka skeletons
  4 rats
  2 rat zombies (D:7)
  A plant (D:1)
150 creatures vanquished.

Vanquished Creatures (others)
  A plant (D:1)
1 creature vanquished.

Grand Total: 151 creatures vanquished

Notes
Turn   | Place    | Note
-------+----------+-------------------------------------------
     0 | D:1      | Belboz the Deep Dwarf Fighter began the quest for the Orb.
     0 | D:1      | Reached XP level 1. HP: 20/20 MP: 1/1
   153 | D:1      | Reached XP level 2. HP: 27/27 MP: 2/2
   428 | D:1      | Reached skill level 3 in Axes
   738 | D:2      | Reached XP level 3. HP: 31/34 MP: 3/3
   802 | D:2      | Reached skill level 4 in Axes
   802 | D:2      | Reached XP level 4. HP: 37/42 MP: 4/4
  1425 | D:3      | Reached skill level 5 in Axes
  1460 | D:3      | Reached XP level 5. HP: 31/49 MP: 5/5
  1784 | D:3      | Reached skill level 6 in Axes
  2100 | D:4      | Reached XP level 6. HP: 29/56 MP: 6/6
  2195 | D:3      | HP: 1/56 [orc priest/divine providence (11)]
  2224 | D:4      | Reached skill level 7 in Axes
  2282 | D:4      | Noticed Pikel
  2347 | D:4      | Killed Pikel
  2347 | D:4      | Reached skill level 9 in Axes
  2347 | D:4      | Reached XP level 7. HP: 51/62 MP: 7/7
  2374 | D:4      | Noticed Natasha
  2381 | D:4      | Killed Natasha
  2389 | D:4      | Noticed Natasha
  2396 | D:4      | Killed Natasha
  2447 | D:4      | Found a hide-covered altar of Uskayaw.
  2500 | D:4      | Noticed Natasha
  2508 | D:4      | Reached skill level 10 in Axes
  2508 | D:4      | Reached XP level 8. HP: 48/69 MP: 8/8
  2512 | D:4      | Killed Natasha
  2580 | D:4      | Found a runed translucent door.
  2581 | D:4      | Noticed Crazy Yiuf
  2815 | D:5      | Entered Level 5 of the Dungeon
  3032 | D:5      | Reached skill level 11 in Axes
  3069 | D:5      | Found a staircase to the Ecumenical Temple.
  3093 | Temple   | Entered the Ecumenical Temple
  3177 | Temple   | Became a worshipper of Makhleb the Destroyer
  3541 | D:6      | Found a glowing golden altar of the Shining One.
  3543 | D:6      | Found a hazy altar of Hepliaklqana.
  3544 | D:6      | Found a shattered altar of Ashenzari.
  3729 | D:6      | Found a radiant altar of Vehumet.
  3749 | D:6      | Reached skill level 1 in Invocations
  4008 | D:6      | Noticed Maggie
  4028 | D:6      | Killed Maggie
  4028 | D:6      | Gained mutation: You passively map the area around you.
                  | [Deep Dwarf growth]
  4028 | D:6      | Reached XP level 9. HP: 47/78 MP: 9/11
  4096 | D:6      | Reached * piety under Makhleb
  4102 | D:6      | Reached skill level 5 in Shields
  4119 | D:6      | Reached skill level 12 in Axes
  4222 | D:7      | Noticed Harold
  4235 | D:7      | Killed Harold
  4309 | D:7      | Found an ancient bone altar of Kikubaaqudgha.
  4421 | D:7      | Found an iron altar of Okawaru.
  4438 | D:7      | Noticed Duvessa
  4438 | D:7      | Noticed Dowan
  4450 | D:7      | Killed Duvessa
  4452 | D:7      | Killed Dowan
  4563 | D:7      | Noticed Joseph
  4571 | D:7      | HP: 3/79 [Joseph/bolt of acid (10)]
  4571 | D:7      | Splashed by Joseph's acid

Illustrated notes

Levels and vault maps discovered:
D:1:      dpeg_arrival_water_fire, layout_basic, serial_forest,
          infiniplex_forest_clump_small, infiniplex_forest_lined_corner,
          infiniplex_forest_clump_large, infiniplex_forest_clump_long,
          infiniplex_forest_clump_diagonal
D:2:      layout_basic, minmay_lizard_pond
D:3:      layout_basic
D:4:      layout_rooms, eat_drink_and_be_merry_uskayaw,
          minmay_misc_feat_more_columns, uniq_crazy_yiuf_cottage, uniq_natasha,
          uniq_pikel
D:5:      layout_loops_ring, minmay_temple_entry_trees
D:6:      layout_basic, grunt_temple_overflow_open, old_standard_altar,
          uniq_maggie
D:7:      layout_loops_corners, lemuel_zombie_altar_kikubaaqudgha,
          nemelex_xobeh_ov_fountains_minmay, lemuel_crystal_altar, serial_shops,
          nicolae_shop_crystal, nicolae_alphabet_shops, uniq_duvessa,
          uniq_joseph, uniq_harold
Temple:   eino_temple_lava

Skill      XL: |  1  2  3  4  5  6  7  8  9 |
---------------+----------------------------+-----
Axes           | 3 4 5 6 9 10 11 12 | 12.5
Fighting       | 3 4 |  4.6
Shields        | 4 5 |  5.8
Invocations    | 2 4 |  4.8
Armour         | |  3.2

Action                   |  1- 3 |  4- 6 |  7- 9 || total
-------------------------+-------+-------+-------++-------
Melee: War axe           |    92 |   283 |   267 ||   642
Throw: Dart              |       |     1 |       ||     1
 Abil: Heal Wounds       |     1 |     5 |     4 ||    10
  Use: Scroll            |       |       |     4 ||     4
Armor: Scale mail        |    36 |    30 |       ||    66
       Plate armour      |       |   118 |    66 ||   184
       Skin              |       |       |    11 ||    11
       Swamp dragon scal |       |       |    10 ||    10
Dodge: Dodged            |    37 |   109 |    66 ||   212
Block: Kite shield       |    47 |   162 |   100 ||   309

Table legend: (Time is in decaauts)
 A = Elapsed time spent in this place.
 B = Non-inter-level travel time spent in this place.
 C = Inter-level travel time spent in this place.
 D = Time resting spent in this place.
 E = Time spent auto-exploring this place.
 F = Levels seen in this place.
 G = Mean time per level.
                   A        B        C        D        E       F      G
               +--------+--------+--------+--------+--------+-----+--------+
         Total |   4700 |   4587 |    113 |     27 |   3032 |   8 |  587.5 |
       Dungeon |   4606 |   4510 |     96 |     27 |   2966 |   7 |  658.0 |
        Temple |     93 |     76 |     17 |      0 |     66 |   1 |   93.0 |
               +--------+--------+--------+--------+--------+-----+--------+

Top non-repeatable levels by time:
     D:3: 777 daAuts
     D:2: 757 daAuts
     D:1: 726 daAuts
     D:4: 682 daAuts
     D:6: 634 daAuts
     D:5: 624 daAuts
     D:7: 404 daAuts
  Temple: 93 daAuts
